 Dungeon Crawl Stone Soup version 0.28.0 (webtiles) character file.

Game seed: 13730352719666904618

205 Acheron the Ducker (level 5, 0/48 HPs)
             Began as a Troll Arcane Marksman on Feb 17, 2022.
             Was an Initiate of Qazlal.
             Slain by a vampire (6 damage)
             ... on level 6 of the Dungeon.
             The game lasted 00:09:31 (1356 turns).

Acheron the Ducker (Troll Arcane Marksman)          Turns: 1356, Time: 00:09:31

Health: 0/48       AC:  4    Str: 18    XL:     5   Next: 52%
Magic:  6/6        EV: 10    Int:  9    God:    Qazlal [......]
Gold:   118        SH:  0    Dex: 12    Spells: 5/6 levels left

rFire   . . .      SeeInvis .     - Unarmed
rCold   . . .      Faith    .   (no shield)
rNeg    . . .      Spirit   .   a - +0 robe
rPois   +          Reflect  .   (helmet restricted)
rElec   .          Harm     .   (no cloak)
rCorr   .          Rampage  .   (gloves unavailable)
Will    .....                   (boots unavailable)
Stlth   +.........              (no amulet)
HPRegen 0.96/turn               i - ring of poison resistance
MPRegen 0.10/turn               (no ring)

@: hasted, very quick
A: large, unfitting armour, claws 3, regeneration 1, shaggy fur 1, tough skin 1
a: Renounce Religion


You were on level 6 of the Dungeon.
You worshipped Qazlal.
Qazlal was noncommittal.
You visited 1 branch of the dungeon, and saw 8 of its levels.

You collected 118 gold pieces.

Inventory:

Missiles
 b - a large rock (quivered)
 c - 2 throwing nets
 m - 3 boomerangs
 q - 3 atropa-tipped darts
Armour
 a - a +0 robe (worn)
Jewellery
 i - a ring of poison resistance (left claw)
Wands
 g - a wand of flame (16)
Scrolls
 d - 5 scrolls of identify {unknown}
 j - a scroll of fog {unknown}
 l - 2 scrolls of torment
 o - a scroll of immolation {unknown}
 p - a scroll of noise {unknown}
 r - a scroll of enchant armour {unknown}
Potions
 e - a potion of haste
 f - a potion of might {unknown}
 k - a potion of heal wounds {unknown}
 n - 3 potions of flight {unknown}


   Skills:
 * Level 1.5 Fighting
 * Level 2.3 Throwing
 * Level 2.7 Dodging
 * Level 0.7 Stealth
 * Level 2.7 Unarmed Combat
 * Level 1.4 Spellcasting
 - Level 2.0 Hexes


You had 5 spell levels left.
You knew the following spells:

 Your Spells              Type           Power      Damage    Failure   Level
a - Slow                  Hex            16%        N/A       16%         1

Your spell library contained the following spells:

 Spells                   Type           Power      Damage    Failure   Level
 Inner Flame              Hex/Fire       2%         N/A       56%         3
 Portal Projectile        Hex/Tloc       4%         N/A       56%         3
 Cause Fear               Hex            2%         N/A       83%         4


Dungeon Overview and Level Annotations

Branches:
Dungeon (8/15)
 Temple: D:4-7         Lair: D:8-11

Altars:
Hepliaklqana
Qazlal
Sif Muna
The Shining One

Annotations:
D:4 Edmund
D:6 exclusion: upstairs


Innate Abilities, Weirdness & Mutations

You are too large for most types of armour.
You have claws for hands.
Your natural rate of healing is unusually fast.
You are covered in fur. (AC +1)
You have tough skin. (AC +1)


Message History

Found a smoky pink potion.
There is an open door here.
A vampire comes into view.
You see here a smoky pink potion.
Okay, then.
Throw: 4 large rocks
Press: ? - help, Q - select action, (/) - cycle Shift-Dir - straight line, f - vampire
Aim: a vampire (57% to hit)
You throw a large rock.
The large rock barely misses the vampire.
The vampire points at you and mumbles some strange words.
You are confused.
The vampire barely misses you. The vampire bites you.
The vampire draws strength from your injuries!
Non-targeted confused throw: 3 large rocks
Press: ? - help, Q - select action, (/) - cycle Dir - look around, f - activate You throw a large rock.
The vampire barely misses you. The vampire bites you!
The vampire draws strength from your injuries!
The vampire hits you but does no damage.
The vampire bites you!
The vampire draws strength from your injuries!
You're too confused to move!
The vampire hits you! The vampire bites you.
* * * LOW HITPOINT WARNING * * *
The vampire draws strength from your injuries!
You feel better. The vampire hits you! The vampire misses you.
Throw: 2 large rocks
Press: ? - help, Q - select action, (/) - cycle Shift-Dir - straight line, f - vampire
Aim: a vampire (57% to hit)
You throw a large rock.
The large rock barely misses the vampire.
The vampire barely misses you. The vampire bites you.
* * * LOW HITPOINT WARNING * * *
The vampire draws strength from your injuries!
The vampire hits you but does no damage.
The vampire bites you!
* * * LOW HITPOINT WARNING * * *
The vampire draws strength from your injuries!
It was a potion of haste.
You feel yourself speed up. The vampire hits you.
You die...

##......#............
#.......#............
#.......####'#.......
#............#.......
#............#.......
#.....>......#.......
#####'####...####'###
#....# ##...##....#.
#..@V#.#+...#.....'.
#...!...#...#.....#.
#.......#...#.....#.
#.....(..####+#####.
#........+ ..... +..
+.......## ≈...≈ #..
#...##+## ≈._.≈.##.
#...# ≈...≈.##. #...
......'..


You could see a vampire.

Vanquished Creatures
  A water moccasin (D:3)
  A howler monkey (D:4)
  A hound skeleton (D:4)
  An adder skeleton (D:4)
  A dart slug (D:1)
  3 orcs
  4 ball pythons
  An endoplasm (D:2)
  2 giant cockroaches
  6 goblins
  5 hobgoblins
  2 quokkas
  2 bats
  2 frilled lizards (D:1)
  3 kobolds
  2 rats
37 creatures vanquished.

Notes
Turn   | Place    | Note
-------+----------+-------------------------------------------
     0 | D:1      | Acheron the Troll Arcane Marksman began the quest for the
                  | Orb.
     0 | D:1      | Reached XP level 1. HP: 18/18 MP: 1/1
   169 | D:1      | Reached XP level 2. HP: 23/26 MP: 2/2
   645 | D:3      | Found a stormy altar of Qazlal.
   660 | D:4      | Reached XP level 3. HP: 32/32 MP: 3/3
   757 | D:3      | Became a worshipper of Qazlal Stormbringer
   781 | D:3      | Reached skill level 1 in Fighting
   805 | D:3      | Reached skill level 1 in Unarmed Combat
   820 | D:3      | Noticed a water moccasin
   839 | D:3      | Killed a water moccasin
   840 | D:3      | Reached XP level 4. HP: 14/41 MP: 3/5
   840 | D:3      | Reached XP level 5. HP: 17/48 MP: 3/6
   968 | D:4      | Found a shimmering blue altar of Sif Muna.
  1203 | D:4      | Noticed Edmund
  1219 | D:5      | Entered Level 5 of the Dungeon
  1219 | D:5      | Noticed a troll
  1235 | D:6      | Found a hazy altar of Hepliaklqana.
  1317 | D:7      | Found a glowing golden altar of the Shining One.
  1349 | D:6      | Noticed a vampire
  1356 | D:6      | Slain by a vampire

Illustrated notes

Levels and vault maps discovered:
D:1:      amcnicky_arrival_abandoned_market, layout_basic
D:2:      layout_rooms, shapermc_ecumenical_altar_notcrosses
D:3:      layout_basic, mainiacjoe_overflow_tiny_flanked, serial_shops,
          nicolae_diamond_shop
D:4:      layout_basic, nicolae_sif_muna_condensation, portal_sewer_entry_f,
          kennysheep_small_square, uniq_edmund
D:5:      layout_cave_pools, nicolae_wu_jian_immortal_techniques
D:6:      layout_gridville, mainiacjoe_overflow_six_doors_small,
          overflow_temple_1_default, minmay_temple_entry_antechambers,
          grunt_ministairs_11, minmay_microvault
D:7:      layout_basic, kennysheep_little_box, mainiacjoe_overflow_chevrons
D:8:      layout_rooms, okawaru_ov_weapons_minmay

Skill      XL: |  1  2  3 |
---------------+----------+-----
Dodging        | 2 |  2.7
Throwing       | 2 |  2.3
Fighting       | 1 |  1.5
Unarmed Combat | 2 |  2.7
Stealth        | |  0.7
Spellcasting   | |  1.4
Hexes          | |  2.0

Action                   |  1- 3 |  4- 6 || total
-------------------------+-------+-------++-------
Melee: Unarmed           |   123 |    20 ||   143
       Punch             |       |     2 ||     2
Throw: Large rock        |       |     3 ||     3
  Use: Scroll            |     2 |       ||     2
       Potion            |     1 |     2 ||     3
Armor: Robe              |    50 |     6 ||    56
Dodge: Dodged            |    65 |     8 ||    73
